 Dungeon Crawl Stone Soup version 0.28-a0-925-gd5e1996cdb (webtiles) character file.

Game seed: 3540758500517344250

84 siradein the Charlatan (level 4, -2/33 HPs)
             Began as a Demonspawn Artificer on Nov 26, 2021.
             Slain by an orc (4 damage)
             ... on level 2 of the Dungeon.
             The game lasted 00:03:04 (1832 turns).

siradein the Charlatan (Demonspawn Artificer)       Turns: 1832, Time: 00:03:05

Health: -2/33      AC:  5    Str: 13    XL:     4   Next: 24%
Magic:  4/4        EV:  6    Int: 12    God:
Gold:   55         SH:  0    Dex: 14    Spells: 3/3 levels left

rFire   . . .      SeeInvis .   j - +2 dagger (vamp)
rCold   . . .      Faith    .   (no shield)
rNeg    . . .      Spirit   .   f - +0 chain mail
rPois   .          Reflect  .   (no helmet)
rElec   .          Harm     .   (no cloak)
rCorr   .          Rampage  .   (no gloves)
Will    .....                   k - +0 pair of boots
Stlth   ..........              (no amulet)
HPRegen 0.11/turn               (no ring)
MPRegen 0.09/turn               (no ring)

@: corroded
A: claws 1
a: no special abilities


You were on level 2 of the Dungeon.
You visited 1 branch of the dungeon, and saw 3 of its levels.

You collected 55 gold pieces.

Inventory:

Hand Weapons
 a - a +0 spear
 j - a +2 vampiric dagger (weapon)
Armour
 f - a +0 chain mail (worn)
 k - a +0 pair of boots (worn)
Jewellery
 h - an amulet of the acrobat
Wands
 c - a wand of flame (14) (quivered)
 d - a wand of charming (15)
Scrolls
 b - a scroll of magic mapping {unknown}
 m - a scroll of holy word {unknown}
 p - a scroll of teleportation {unknown}
Potions
 g - a potion of degeneration {unknown}
 i - a potion of lignification {unknown}
 l - a potion of might {unknown}
 n - a potion of cancellation {unknown}
 o - a potion of mutation {unknown}
Miscellaneous
 e - a piece from Xom's chessboard (15/15)


   Skills:
 + Level 2.0 Fighting
 + Level 1.1 Polearms
 + Level 2.4 Armour
 + Level 1.8 Dodging
 - Level 0.8 Stealth
 + Level 3.4 Evocations


You had 3 spell levels left.
You didn't know any spells.
Your spell library was empty.

Dungeon Overview and Level Annotations

Branches:
Dungeon (3/15)

Altars:

Annotations:
D:3 Robin


Innate Abilities, Weirdness & Mutations

You have sharp fingernails.


Message History

The worm is severely wounded.
The worm bites you but does no damage.
Your chain mail prevents you from hitting the worm.
The worm is severely wounded.
The worm barely misses you.
You hit the worm.
You feel better.
The worm is almost dead.
You hit the worm.
You kill the worm!
No target in view!
No target in view!
You climb downwards.
The jelly hits you but does no damage.
Robin of the Strong Arm comes into view.
They are wielding a +4 vorpal spear.
The orc barely misses you. The jelly barely misses you.
There is a stone staircase leading up, spattered with blood here.
The orc hits you but does no damage. The jelly barely misses you.
You climb upwards.
There is a stone staircase leading down here.
You hit the jelly but do no damage. The acid corrodes you!
Your claws burn!
The orc hits you with a +0 hand axe. The jelly hits you.
You are splashed with acid!
You hit the jelly.
You feel better.
Your claws burn!
The jelly is lightly wounded.
The orc hits you with a +0 hand axe. The jelly hits you but does no damage.
You hit the jelly.
Your claws burn!
The jelly is lightly wounded.
The orc hits you with a +0 hand axe.
* * * LOW HITPOINT WARNING * * *
The jelly hits you but does no damage.
You hit the jelly.
You feel better.
Your claws burn!
* * * LOW HITPOINT WARNING * * *
The jelly is lightly wounded.
The orc hits you with a +0 hand axe.
* * * LOW HITPOINT WARNING * * *
The jelly hits you but does no damage.
You hit the jelly.
Your claws burn!
* * * LOW HITPOINT WARNING * * *
The jelly is moderately wounded.
The orc hits you with a +0 hand axe.
You die...

#...........'......
#...#.###.###...)..
#...#<..#.# #......
#...#.#.#.#########
#...#.#.#...#
#...#.#...#.#
#......†#.#.#
##J####.#.#.#######
#@o...............
####.#####.#######
#.........#
#.#.####### #.#.#
#.#.# #.#.###
#....[# #######


You could see a jelly and an orc.

Vanquished Creatures
  2 adders (D:2)
  3 worms (D:2)
  3 dart slugs
  4 bats
  7 endoplasms
  2 giant cockroaches
  7 goblins
  2 hobgoblins
  A jackal (D:2)
  A quokka (D:1)
  6 ball pythons
  4 frilled lizards
  7 kobolds
  2 rats (D:1)
51 creatures vanquished.

Notes
Turn   | Place    | Note
-------+----------+-------------------------------------------
     0 | D:1      | siradein the Demonspawn Artificer began the quest for the
                  | Orb.
     0 | D:1      | Reached XP level 1. HP: 15/15 MP: 1/1
    54 | D:1      | Reached skill level 1 in Dodging
   336 | D:1      | Found a faded altar of an unknown god.
   379 | D:1      | Gained mutation: You have sharp fingernails. [demonic
                  | ancestry]
   379 | D:1      | Reached XP level 2. HP: 15/21 MP: 2/2
   861 | D:1      | Reached XP level 3. HP: 26/26 MP: 3/3
  1310 | D:2      | Reached skill level 1 in Polearms
  1370 | D:2      | Reached XP level 4. HP: 31/33 MP: 4/4
  1825 | D:3      | Noticed Robin
  1832 | D:2      | Slain by an orc

Illustrated notes

Levels and vault maps discovered:
D:1:      scummos_arrival_gate, layout_rooms,
          hellmonk_ecumenical_altar_leap_of_faith, nicolae_figureground_pulse
D:2:      layout_basic, minmay_puff
D:3:      minmay_chambers_of_twos, layout_loops_ring, uniq_robin

Skill      XL: |  1  2  3  4 |
---------------+-------------+-----
Dodging        | 1 |  1.8
Armour         | 2 |  2.4
Polearms       | 1 |  1.1
Fighting       | 2 |  2.0
Stealth        | |  0.8
Evocations     | |  3.4

Action                   |  1- 3 |  4- 6 || total
-------------------------+-------+-------++-------
Melee: Club              |    14 |       ||    14
       Dagger            |   110 |    58 ||   168
       Spear             |    43 |       ||    43
Evoke: Wand              |       |     1 ||     1
Armor: Chain mail        |   106 |    24 ||   130
Dodge: Dodged            |    39 |    12 ||    51

Table legend: (Time is in decaauts)
 A = Elapsed time spent in this place.
 B = Non-inter-level travel time spent in this place.
 C = Inter-level travel time spent in this place.
 D = Time resting spent in this place.
 E = Time spent auto-exploring this place.
 F = Levels seen in this place.
 G = Mean time per level.
                   A        B        C        D        E       F      G
               +--------+--------+--------+--------+--------+-----+--------+
         Total |   1842 |   1813 |     29 |      0 |   1328 |   3 |  614.0 |
       Dungeon |   1842 |   1813 |     29 |      0 |   1328 |   3 |  614.0 |
               +--------+--------+--------+--------+--------+-----+--------+

Top non-repeatable levels by time:
     D:1: 943 daAuts
     D:2: 892 daAuts
     D:3: 6 daAuts
